Map: Romanticide LE

Players

ViBE - Winner!

  • Race: Terran Terran
  • League: Bronze
  • Spawn Location: 11:00

RoboDroid

  • Race: Terran Terran
  • League: Master
  • Spawn Location: 5:00

VOD

https://www.youtube.com/watch?v=VjhJ7E-kFgw&list=PLFeZeom2b4DnD3FIu7pzkXl51JX_WWz2h&index=2

Description

Time

  • Played on: March 10, 2021, 8:10 p.m.
  • Length: 13:40
Show
View Real Time Build Order
Export as new Build Order

ViBE Terran - Winner!

Build Orders:  

Get SALT Encoding   

  12  0:00  SCV  
  13  0:13  SCV  
  14  0:24  Supply Depot  
  14  0:26  SCV  
  15  0:46  SCV  
  15  0:47  Barracks  
  16  0:58  SCV  
  17  1:07  Refinery  
  17  1:10  SCV  
  18  1:22  SCV  
  19  1:35  Orbital Command  
  19  1:36  Marine  
  20  1:44  Command Center  
  20  1:54  Marine  
  21  2:04  SCV  
  22  2:13  Factory  
  22  2:15  Marine  
  23  2:19  Supply Depot  
  23  2:38  Barracks Reactor  
  23  2:41  SCV  
  24  2:50  Supply Depot  
  24  2:53  SCV  
  24  2:55  Refinery  
  24  2:57  Orbital Command  
  25  3:03  Barracks  
  25  3:04  Factory Tech Lab  
  25  3:05  SCV  
  26  3:17  Supply Depot, SCV  
  26  3:19  Marine x2  
  29  3:25  SCV  
  29  3:27  Siege Tank  
  33  3:36  Marine  
  33  3:37  Marine  
  33  3:39  SCV  
  33  3:40  SCV  
  37  3:51  Starport  
  37  3:53  Barracks Tech Lab  
  37  3:57  Marine  
  37  3:58  Marine  
  37  4:00  SCV x2  
  41  4:12  SCV x2  
  41  4:16  Siege Tank  
  46  4:17  Marine x3  
  49  4:29  Supply Depot  
  49  4:30  Supply Depot  
  49  4:39  Marine x3, Starport Reactor  
  49  4:40  Stimpack  
  49  4:41  SCV  
  49  4:42  SCV  
  54  4:58  SCV x2  
  56  5:03  Supply Depot  
  56  5:04  Supply Depot  
  56  5:05  Marine x2, Siege Tank  
  56  5:06  Marine  
  62  5:16  Supply Depot, SCV x2  
  62  5:18  Supply Depot  
  64  5:24  Marine  
  64  5:25  Marine x2  
  64  5:28  SCV x2, Medivac  
  71  5:39  Command Center  
  71  5:40  SCV x2  
  73  5:43  Marine x3  
  73  5:45  Siege Tank  
  79  5:52  SCV x2  
  79  5:55  Refinery  
  81  5:57  Refinery  
  81  6:02  Engineering Bay  
  81  6:04  Marine x3, SCV x2, Engineering Bay  
  86  6:16  SCV x2, Supply Depot  
  86  6:17  Supply Depot  
  88  6:20  Medivac x2  
  88  6:21  Marine x2  
  88  6:22  Marine  
  95  6:28  SCV  
  95  6:29  SCV  
  97  6:41  SCV x2, Combat Shield  
  99  6:52  Orbital Command  
  99  6:53  SCV  
  100  7:02  Marine x2  
  100  7:03  Marine  
  100  7:08  Terran Infantry Armor Level 1, Terran Infantry Weapons Level 1  
  103  7:09  SCV x2  
  105  7:20  Barracks  
  105  7:21  SCV, Barracks  
  105  7:22  SCV  
  107  7:23  Barracks x2  
  107  7:28  Marine  
  107  7:29  Marine x2  
  110  7:32  Medivac  
  110  7:33  SCV, Medivac  
  110  7:34  SCV  
  116  7:37  SCV  
  117  7:45  SCV  
  117  7:46  SCV  
  117  7:49  Supply Depot x2, SCV  
  120  7:58  Refinery, SCV x2  
  122  7:59  Refinery  
  122  8:01  SCV  
  122  8:02  Marine x2  
  122  8:03  Marine  
  122  8:05  Medivac x2  
  130  8:10  SCV x2  
  132  8:13  SCV  
  132  8:15  Barracks Reactor x4  
  133  8:39  Marine x2  
  133  8:40  Marine  
  136  8:42  Medivac x2  
  140  8:49  SCV x3  
  140  8:50  Armory  
  140  8:54  Marine x8, Command Center  
  151  8:57  Marine x2  
  151  8:58  Marine  
  151  9:02  Supply Depot  
  154  9:03  Supply Depot  
  154  9:04  Supply Depot  
  154  9:06  Supply Depot  
  154  9:07  Supply Depot  
  154  9:11  Marine  
  154  9:12  Marine  
  156  9:28  Marine  
  156  9:29  Marine x8  
  156  9:30  Marine  
  156  9:31  Marine  
  167  9:32  Medivac x2  
  167  9:36  Terran Infantry Weapons Level 2  
  167  9:37  Terran Infantry Armor Level 2  
  167  9:38  Terran Vehicle Weapons Level 1  
  171  9:45  Command Center  
  171  9:46  SCV x3  
  174  9:58  SCV x3  
  177  10:15  Command Center  
  176  10:54  Planetary Fortress  
  176  10:56  Marine x9  
  176  10:57  Marine x2  
  185  10:58  Medivac x2  
  185  11:00  SCV x4  
  195  11:12  SCV x4  
  198  11:22  Starport  
  198  11:23  Barracks  
  198  11:27  Barracks  
  198  11:29  Barracks  
  198  11:30  Barracks x3  
  198  11:31  Barracks  
  198  11:32  Barracks  
  198  11:36  Barracks  
  198  11:37  Barracks x2  
  198  11:41  Barracks  
  198  11:42  Planetary Fortress, Barracks x2  
  168  12:26  Barracks Tech Lab x3  
  168  12:27  Barracks Tech Lab  
  168  12:28  Barracks Reactor  
  168  12:29  Barracks Reactor x9  
  166  12:33  Starport Reactor  
  166  12:36  Command Center  
  148  12:53  Medivac x2  
  148  12:54  Marine x2, Marauder x5  
  148  12:55  Marine x8  
  157  13:04  Planetary Fortress  
  145  13:12  Marine x4  
  142  13:15  Marauder, Command Center  
  142  13:17  Marine x17, Marauder x4  
  142  13:18  Marine x9  
Show
View Real Time Build Order
Export as new Build Order

RoboDroid Terran 

Build Orders:  

Get SALT Encoding   

  12  0:13  Supply Depot  
  12  0:31  SCV  
  13  0:43  SCV  
  13  0:49  Barracks  
  14  0:55  SCV  
  15  1:04  Engineering Bay  
  15  1:07  SCV  
  16  1:19  SCV  
  17  1:31  SCV  
  18  1:39  Marine, Supply Depot, Refinery  
  19  1:44  Orbital Command  
  19  1:56  Marine  
  20  2:03  Barracks  
  20  2:14  Marine  
  21  2:24  Supply Depot  
  21  2:32  Marine  
  21  2:34  SCV  
  23  2:41  Supply Depot  
  23  2:46  SCV  
  23  2:50  Marine  
  25  2:52  Barracks Reactor  
  25  2:56  Supply Depot  
  25  2:58  SCV  
  26  3:08  Marine  
  26  3:10  SCV  
  28  3:23  SCV  
  28  3:25  Marine  
  30  3:29  Marine x2  
  30  3:33  Supply Depot  
  32  3:35  SCV  
  33  3:43  Marine  
  33  3:47  Marine x2, Barracks  
  36  3:59  Supply Depot  
  36  4:01  Marine  
  37  4:05  Marine x2  
  39  4:22  Supply Depot  
  39  4:23  Marine x2  
  42  4:27  Barracks Tech Lab  
  41  4:35  Marine  
  42  4:40  Marine, Supply Depot  
  42  4:41  Marine  
  44  4:49  Refinery  
  44  4:53  Marine, Marauder  
  44  4:58  Marine x2  
  49  5:10  Marine  
  50  5:14  Marauder  
  50  5:16  Marine x2  
  54  5:28  Marine  
  54  5:34  Marine x2  
  57  5:36  Marauder  
  59  5:52  Marine x2  
  59  5:57  Marine  
  61  6:09  Marine  
  61  6:10  Marine  
  63  6:14  Marine  
  64  6:25  Command Center  
  64  6:27  Marine x2  
  66  6:33  Terran Infantry Weapons Level 1  
  66  6:34  Factory  
  66  6:41  SCV  
  67  6:53  SCV  
  68  7:02  Reaper  
  68  7:04  Marine  
  68  7:06  SCV  
  71  7:08  Supply Depot  
  71  7:18  SCV  
  71  7:21  Refinery, Marine  
  73  7:25  Marine x2  
  73  7:28  Factory Tech Lab  
  75  7:31  Supply Depot  
  75  7:33  Bunker  
  75  7:34  Marine  
  76  7:39  Marine  
  76  7:42  Marine  
  76  7:43  Marine  
  79  7:52  Marine  
  79  7:55  Refinery  
  79  7:57  Marine  
  81  8:00  Marine  
  81  8:01  Marine  
  83  8:08  Missile Turret  
  83  8:10  Marine, Sensor Tower  
  84  8:18  Marine x2  
  86  8:24  Missile Turret  
  86  8:29  Cyclone  
  89  8:36  Marine x2  
  91  8:48  Starport  
  91  8:54  Marine x2  
  93  8:56  Supply Depot  
  93  9:10  Supply Depot, Missile Turret  
  93  9:13  Planetary Fortress  
  93  9:17  Marine  
  94  9:29  Starport  
  94  9:35  Marine  
  94  9:37  Starport Tech Lab  
  95  9:48  Supply Depot  
  95  9:53  Marine  
  95  9:59  Supply Depot  
  96  10:05  Medivac  
  98  10:11  Marine  
  99  10:17  Supply Depot  
  99  10:23  Fusion Core  
  99  10:26  Starport Tech Lab  
  99  10:27  Missile Turret  
  99  10:29  Marine  
  100  10:46  Marine, Marauder  
  103  10:51  Supply Depot  
  103  11:04  Marine  
  103  11:05  Missile Turret  
  103  11:07  Marine  
  103  11:09  Barracks Tech Lab  
  105  11:16  Missile Turret  
  105  11:22  Marine  
  105  11:25  Marine  
  107  11:30  Supply Depot  
  107  11:34  Marauder  
  109  11:40  Marine  
  109  11:42  Battlecruiser  
  109  11:43  Marine  
  117  11:54  Armory  
  117  11:56  Marauder  
  117  11:58  Marine  
  122  12:01  Marauder  
  122  12:16  Marine  
  122  12:22  Marine  
  27  13:00  Marine  
  17  13:18  Marine  
Tags
 
Matchup
TvT
Player
ViBE
Race
Terran
Replay Pack
Bronze_League
Spawn Locations
Cross Positions
Add a new tag
Caveats
  • Supply blocks, unpowered buildings, or Contaminate may cause inaccurate times.
  • Supply counts are checked every 10 seconds.